Map: Arctic Dream LE

Players

Massa - Winner!

  • Race: Terran Terran
  • League: Platinum
  • Spawn Location: 5:00

qqq - Winner!

  • Race: Protoss Protoss
  • Spawn Location: 6:00

JimboJimbob

  • Race: Zerg Zerg
  • League: Diamond
  • Spawn Location: 11:00

TheBlackDog

  • Race: Protoss Protoss
  • Spawn Location: 12:00

VOD

Have the link to the VOD?

Description

Time

  • Played on: Nov. 14, 2020, 9:25 a.m.
  • Length: 21:46
Show
View Real Time Build Order
Export as new Build Order

Massa Terran - Winner!

Build Orders: Liberator Opening 

Get SALT Encoding   

  12  0:01  SCV  
  13  0:13  SCV  
  14  0:17  Supply Depot  
  14  0:25  SCV  
  15  0:39  SCV  
  15  0:40  Barracks  
  16  0:47  Refinery  
  16  0:51  SCV  
  17  1:03  SCV  
  18  1:15  SCV  
  19  1:30  Orbital Command  
  19  1:38  Command Center  
  19  1:41  Barracks Reactor  
  19  1:57  SCV  
  19  2:00  Refinery  
  20  2:09  SCV  
  20  2:11  Factory  
  21  2:17  Marine x2, Supply Depot  
  23  2:39  SCV, Marine x2  
  26  2:46  Supply Depot  
  26  2:51  SCV  
  27  2:56  Marine x2  
  27  2:58  Factory Reactor  
  29  3:01  Starport  
  29  3:03  SCV  
  30  3:14  Marine x2  
  30  3:17  SCV  
  30  3:19  Orbital Command  
  33  3:29  SCV  
  33  3:32  Marine x2  
  37  3:41  SCV  
  37  3:45  Liberator, Medivac  
  44  3:48  Widow Mine  
  44  3:53  SCV  
  45  3:56  SCV, Supply Depot  
  46  4:05  SCV  
  46  4:08  SCV, Marine x2  
  52  4:10  Widow Mine  
  52  4:17  SCV  
  52  4:20  SCV  
  54  4:25  Marine  
  54  4:26  Marine  
  56  4:38  Factory Tech Lab  
  56  4:43  Marine  
  56  4:44  Marine  
  56  5:03  Armory  
  56  5:07  Engineering Bay  
  54  5:08  SCV x2  
  56  5:20  SCV x2  
  58  5:31  Marine x2  
  58  5:32  SCV x2  
  62  5:41  Supply Depot  
  62  5:42  Missile Turret, Supply Depot x2  
  62  5:44  Supply Depot  
  62  6:02  Marine x2  
  62  6:03  Medivac, Siege Tank  
  69  6:07  Supply Depot  
  69  6:10  Supply Depot  
  59  6:12  Supply Depot  
  59  6:17  Medivac  
  61  6:20  Marine x2  
  61  6:25  Barracks, Command Center  
  63  6:35  Siege Tank  
  63  6:38  Marine x2  
  68  6:44  Liberator  
  71  6:56  Barracks, Marine x2  
  73  7:04  Barracks  
  70  7:14  Marine  
  71  7:16  Marine  
  71  7:22  Barracks Tech Lab  
  72  7:31  Marine  
  72  7:34  Marine  
  74  7:37  Siege Tank  
  74  7:39  Medivac  
  79  7:47  Orbital Command  
  79  7:49  Marine  
  79  7:50  SCV x2  
  82  7:52  Marine  
  82  7:53  Refinery  
  82  7:55  Refinery  
  82  7:58  Supply Depot  
  83  8:02  SCV x2  
  85  8:07  Marine  
  85  8:10  Marine  
  87  8:23  Supply Depot  
  77  8:46  Supply Depot  
  68  9:04  Marauder  
  68  9:05  Barracks Tech Lab  
  68  9:07  Marine x2  
  70  9:10  Supply Depot  
  70  9:16  Siege Tank  
  72  9:17  Medivac x2  
  72  9:19  SCV x2  
  78  9:24  Orbital Command  
  78  9:25  Barracks Reactor, Marauder, Marine x2  
  82  9:31  SCV  
  82  9:33  Supply Depot, Stimpack  
  83  9:47  Marauder  
  83  9:48  Siege Tank  
  83  9:50  SCV x3  
  91  9:57  Marauder, Marine x2  
  95  10:00  Terran Infantry Weapons Level 1  
  95  10:02  SCV x2  
  95  10:03  Engineering Bay  
  97  10:08  Marauder  
  99  10:15  Marine x2  
  99  10:16  Marine x2  
  99  10:18  Marauder  
  99  10:20  Siege Tank  
  108  10:25  Command Center  
  108  10:29  Marauder  
  108  10:32  Refinery, Marine  
  108  10:33  Marine  
  108  10:34  Marine x2  
  108  10:35  Refinery  
  114  10:37  Medivac  
  114  10:39  Marauder, Medivac  
  120  10:47  SCV x3  
  123  10:50  Marine x2  
  123  10:51  Marauder  
  123  10:52  Marine x2  
  129  10:57  Ghost Academy  
  129  10:59  SCV x3  
  129  11:01  Marauder  
  129  11:02  Ghost Academy  
  134  11:04  Terran Infantry Armor Level 1  
  134  11:06  Terran Vehicle And Ship Armor Level 1  
  134  11:08  Marine x2  
  134  11:09  Concussive Shells  
  134  11:10  Marine x2  
  138  11:11  SCV x2  
  138  11:12  Marauder  
  138  11:13  SCV  
  143  11:22  Marauder  
  143  11:23  SCV, Factory  
  143  11:24  SCV  
  147  11:26  SCV, Marine  
  147  11:30  Factory  
  149  11:33  Combat Shield  
  149  11:34  Marauder  
  149  11:35  SCV  
  149  11:37  Personal Cloaking  
  152  11:42  Nuke  
  152  11:44  Marauder  
  154  11:47  Refinery  
  154  11:50  Refinery  
  154  11:51  Planetary Fortress  
  154  11:55  Marauder  
  156  12:09  Command Center  
  156  12:12  Command Center  
  156  12:17  SCV x3  
  156  12:22  Missile Turret  
  159  12:25  Command Center  
  159  12:26  Missile Turret  
  159  12:29  SCV x3  
  162  12:33  Marauder, Ghost  
  162  12:34  Marine x2  
  162  12:35  Marine x2  
  162  12:36  Command Center  
  170  12:38  Factory Tech Lab x2  
  170  12:39  Siege Tank  
  170  12:41  SCV x3  
  170  12:42  Missile Turret  
  176  12:50  SCV  
  177  12:52  Marine x3  
  177  12:53  SCV x2, Marine  
  177  12:54  SCV, Ghost  
  186  13:02  SCV  
  186  13:03  Nuke  
  187  13:05  SCV  
  187  13:10  Supply Depot  
  187  13:12  Supply Depot x2  
  188  13:14  Supply Depot x2  
  188  13:16  Supply Depot  
  188  13:20  Ghost  
  188  13:21  SCV, Siege Tank x3  
  188  13:25  Planetary Fortress  
  188  13:26  Planetary Fortress  
  200  13:37  Supply Depot  
  200  13:40  Planetary Fortress, Supply Depot x3  
  200  13:41  Supply Depot  
  200  13:44  Supply Depot  
  200  13:48  Planetary Fortress  
  200  13:51  Missile Turret  
  200  13:56  Terran Infantry Armor Level 2, Terran Infantry Weapons Level 2  
  200  14:01  Supply Depot  
  200  14:09  Supply Depot  
  200  14:50  Nuke  
  200  14:51  Nuke  
  200  14:57  Refinery  
  200  15:00  Refinery  
  196  15:27  Siege Tank x2  
  200  15:33  Terran Vehicle And Ship Armor Level 2  
  200  15:36  Armory  
  200  15:48  Enhanced Shockwaves  
  140  17:43  Viking x2  
  124  18:13  Viking x2  
  124  18:14  Marauder x2  
  124  18:15  Marine x4  
  124  18:16  Thor x2  
  124  18:17  Thor  
  136  18:33  Marine x4  
  132  18:35  Marauder  
  132  18:36  Marauder  
  122  18:43  Viking  
  124  18:50  Marine  
  124  18:51  Marine x3  
  124  18:55  Terran Infantry Weapons Level 3, Terran Infantry Armor Level 3  
  128  18:56  Terran Vehicle And Ship Armor Level 3, Terran Vehicle Weapons Level 1  
  128  18:57  Marauder x2  
  128  18:59  Thor x3  
  128  19:00  Refinery  
  150  19:08  Marine x4  
  154  19:18  Marauder  
  154  19:19  Marauder, Sensor Tower  
  158  19:24  Sensor Tower  
  158  19:28  Medivac x2  
  162  19:32  Smart Servos  
  162  19:34  Drilling Claws  
  162  19:39  Marauder  
  162  19:40  Marauder  
  162  19:42  Thor x3  
  184  19:58  Medivac x2  
  188  20:00  Marine x4  
  188  20:01  Marauder x2  
  196  20:10  Barracks  
  196  20:11  Barracks x3  
  196  20:28  Medivac x2  
  194  21:02  Barracks  
  194  21:03  Barracks  
  200  21:12  Barracks Reactor, Barracks Tech Lab  
  200  21:13  Barracks Reactor, Barracks Tech Lab  
Show
View Real Time Build Order
Export as new Build Order

qqq Protoss - Winner!

Build Orders: Carriers 

Get SALT Encoding   

  12  0:02  Probe  
  13  0:15  Probe  
  13  0:19  Pylon  
  14  0:31  Probe  
  15  0:47  Forge  
  15  0:49  Probe  
  16  1:01  Probe  
  17  1:13  Probe  
  18  1:18  Pylon  
  18  1:33  Pylon  
  18  1:38  Pylon  
  19  1:40  Probe  
  19  1:50  Pylon  
  19  1:51  Pylon  
  19  1:52  Probe  
  20  1:56  Photon Cannon  
  20  1:58  Photon Cannon  
  20  2:04  Photon Cannon  
  20  2:12  Photon Cannon  
  20  2:23  Photon Cannon  
  20  2:26  Photon Cannon  
  20  2:35  Photon Cannon  
  20  2:44  Photon Cannon  
  20  2:55  Photon Cannon  
  20  3:12  Pylon  
  20  3:31  Assimilator  
  20  3:33  Nexus  
  20  3:39  Gateway  
  20  3:40  Probe  
  21  3:50  Assimilator  
  21  3:52  Probe (Chrono Boost)  
  22  4:01  Probe (Chrono Boost)  
  23  4:05  Photon Cannon  
  23  4:08  Probe  
  23  4:20  Probe  
  24  4:29  Cybernetics Core  
  24  4:31  Pylon  
  24  4:32  Probe  
  24  4:33  Photon Cannon  
  25  4:42  Pylon  
  25  4:58  Probe  
  25  4:59  Probe  
  27  5:05  Pylon  
  27  5:12  Probe x2  
  29  5:21  Stargate  
  29  5:24  Probe x2  
  31  5:32  Stargate  
  31  5:36  Probe  
  32  5:48  Probe (Chrono Boost)  
  33  5:56  Probe (Chrono Boost)  
  34  6:00  Probe (Chrono Boost)  
  34  6:02  Assimilator  
  34  6:04  Assimilator  
  35  6:06  Probe (Chrono Boost)  
  35  6:07  Phoenix  
  35  6:08  Probe (Chrono Boost)  
  35  6:11  Probe (Chrono Boost)  
  40  6:18  Protoss Air Weapons Level 1  
  40  6:27  Probe  
  40  6:31  Probe  
  42  6:33  Phoenix  
  42  6:34  Phoenix  
  42  6:39  Probe  
  47  6:43  Probe  
  48  6:50  Pylon  
  48  6:51  Probe  
  48  6:53  Pylon  
  49  6:58  Phoenix  
  49  6:59  Nexus  
  51  7:03  Probe  
  51  7:05  Phoenix  
  54  7:12  Photon Cannon  
  54  7:18  Pylon  
  54  7:22  Photon Cannon  
  54  7:24  Pylon  
  54  7:28  Phoenix  
  56  7:38  Phoenix  
  58  7:53  Phoenix  
  60  8:03  Phoenix  
  62  8:19  Nexus  
  62  8:27  Protoss Air Armor Level 1  
  62  8:45  Phoenix x2  
  66  8:54  Fleet Beacon  
  66  8:56  Pylon x2  
  66  9:10  Phoenix x2  
  70  9:17  Probe  
  70  9:22  Pylon  
  71  9:25  Pylon  
  71  9:29  Probe  
  72  9:41  Probe  
  71  9:51  Carrier  
  75  9:53  Probe  
  76  10:05  Probe  
  75  10:29  Carrier  
  75  10:32  Probe  
  75  10:34  Photon Cannon  
  82  10:38  Photon Cannon  
  82  10:45  Probe  
  82  10:48  Pylon  
  83  10:50  Pylon  
  83  10:53  Pylon  
  83  10:55  Carrier  
  90  10:57  Probe, Pylon  
  90  10:59  Pylon  
  90  11:01  Pylon  
  90  11:06  Assimilator  
  90  11:09  Probe  
  90  11:10  Probe, Assimilator  
  90  11:11  Protoss Air Weapons Level 2  
  92  11:16  Nexus  
  92  11:18  Pylon  
  92  11:21  Probe  
  92  11:22  Probe  
  94  11:30  Assimilator  
  94  11:31  Photon Cannon  
  94  11:33  Probe, Photon Cannon  
  94  11:34  Shield Battery  
  94  11:36  Photon Cannon, Carrier  
  94  11:37  Assimilator  
  101  11:45  Probe  
  102  11:57  Probe (Chrono Boost)  
  107  12:01  Carrier  
  107  12:03  Probe (Chrono Boost)  
  108  12:10  Probe (Chrono Boost)  
  108  12:15  Probe (Chrono Boost)  
  110  12:18  Probe (Chrono Boost)  
  110  12:20  Probe (Chrono Boost), Stargate  
  112  12:23  Probe  
  112  12:29  Probe  
  114  12:36  Probe  
  115  12:41  Probe, Carrier  
  120  12:47  Photon Cannon  
  120  12:49  Shield Battery  
  120  12:50  Photon Cannon  
  120  12:53  Photon Cannon  
  120  12:56  Pylon  
  120  13:02  Tempest, Photon Cannon  
  120  13:05  Photon Cannon, Carrier  
  131  13:06  Photon Cannon  
  131  13:09  Pylon, Stargate  
  131  13:20  Robotics Facility  
  131  13:32  Probe x3  
  134  13:40  Void Ray  
  134  13:44  Probe x3, Protoss Air Armor Level 2  
  134  13:45  Carrier  
  147  13:56  Probe  
  147  13:57  Assimilator  
  147  13:59  Probe  
  147  14:01  Assimilator  
  149  14:05  Carrier  
  161  14:10  Carrier  
  161  14:11  Probe  
  161  14:13  Observer  
  161  14:15  Mothership  
  171  14:23  Probe  
  178  14:24  Carrier  
  178  14:25  Probe  
  179  14:35  Probe  
  179  14:37  Probe  
  181  14:47  Probe  
  181  14:49  Probe, Carrier  
  189  15:01  Probe  
  190  15:09  Carrier  
  139  16:07  Carrier x2  
  151  16:14  Carrier x2  
  131  17:12  Carrier x2  
  143  17:18  Carrier x2  
  155  17:24  Nexus  
  155  17:34  Pylon  
  155  17:36  Pylon  
  155  17:37  Pylon  
  155  17:40  Pylon  
  146  18:10  Photon Cannon  
  146  18:11  Photon Cannon  
  146  18:13  Photon Cannon  
  146  18:15  Photon Cannon  
  146  18:16  Carrier x2  
  146  18:17  Photon Cannon  
  146  18:19  Photon Cannon  
  158  18:20  Photon Cannon  
  158  18:21  Observer, Photon Cannon  
  158  18:22  Carrier  
  158  18:23  Carrier  
  158  18:25  Shield Battery  
  171  18:27  Stargate, Shield Battery  
  171  18:28  Stargate  
  171  18:30  Gateway  
  171  18:31  Shield Battery  
  171  18:32  Gateway  
  171  18:34  Twilight Council, Pylon  
  171  18:35  Pylon  
  171  18:37  Pylon  
  171  18:39  Pylon  
  171  18:41  Pylon  
  171  18:42  Observer  
  172  18:59  Photon Cannon  
  172  19:00  Photon Cannon  
  172  19:02  Photon Cannon  
  172  19:04  Photon Cannon  
  172  19:07  Shield Battery  
  172  19:08  Shield Battery  
  172  19:12  Photon Cannon  
  172  19:15  Photon Cannon  
  172  19:17  Tempest, Photon Cannon  
  172  19:20  Carrier x2  
  172  19:21  Phoenix  
  172  19:22  Nexus  
  191  19:25  Photon Cannon  
  191  19:27  Carrier  
  191  19:58  Phoenix x2  
  195  20:00  Phoenix  
  197  20:11  Zealot  
  199  20:41  Anion Pulse-Crystals  
Show
View Real Time Build Order
Export as new Build Order

JimboJimbob Zerg 

Build Orders: 3 Hatch before Pool 

Get SALT Encoding   

  12  0:01  Drone  
  13  0:12  Overlord  
  13  0:18  Drone  
  14  0:31  Drone x2  
  14  0:35  Drone  
  17  0:45  Drone  
  18  0:51  Extractor  
  17  1:01  Hatchery  
  16  1:22  Hatchery  
  15  1:35  Spawning Pool  
  15  1:37  Drone  
  15  1:41  Drone  
  15  1:45  Drone  
  17  2:03  Overlord  
  17  2:04  Drone  
  19  2:23  Zergling x4  
  19  2:25  Queen  
  23  2:34  Zergling x4  
  25  2:39  Queen  
  24  3:06  Metabolic Boost  
  24  3:10  Drone x6  
  30  3:18  Extractor, Roach Warren  
  28  3:22  Zergling x4  
  30  3:34  Zergling x2  
  30  3:35  Zergling x2  
  32  3:43  Zergling x6  
  32  3:47  Zergling x2  
  36  3:50  Hatchery  
  36  3:54  Zergling x2  
  36  3:59  Overlord x3  
  36  4:13  Overlord x2  
  36  4:15  Overlord  
  36  4:19  Drone  
  36  4:20  Drone x2  
  30  5:01  Drone x8  
  30  5:02  Drone x4  
  42  5:10  Roach x2  
  48  5:15  Drone x2  
  48  5:17  Extractor  
  48  5:19  Extractor  
  46  5:25  Roach  
  46  5:26  Roach  
  52  5:35  Roach x2  
  49  6:08  Drone x6  
  53  6:34  Spore Crawler  
  52  6:48  Lair  
  52  6:49  Hatchery  
  51  6:58  Queen  
  51  7:00  Hatchery  
  54  7:01  Roach  
  54  7:02  Roach x2  
  58  7:20  Roach  
  58  7:21  Roach  
  62  7:28  Roach  
  62  7:29  Roach  
  66  7:34  Queen  
  66  7:35  Extractor  
  67  7:38  Extractor, Roach x2  
  70  7:52  Spore Crawler  
  69  7:59  Spore Crawler  
  69  8:04  Hydralisk Den  
  68  8:05  Drone  
  68  8:06  Drone x4  
  72  8:18  Drone, Spore Crawler  
  72  8:19  Drone x6, Spore Crawler  
  75  8:23  Spore Crawler  
  75  8:26  Drone x2  
  70  8:28  Drone  
  70  8:31  Drone  
  70  8:33  Drone  
  69  8:34  Queen  
  69  8:38  Muscular Augments  
  69  8:48  Drone x4  
  68  8:49  Drone x2  
  73  8:56  Queen  
  73  8:57  Spore Crawler  
  73  8:58  Queen  
  73  9:00  Extractor, Drone  
  73  9:01  Drone x5  
  73  9:02  Extractor  
  78  9:12  Overlord x2  
  78  9:13  Overlord  
  74  9:21  Spore Crawler  
  73  9:33  Queen  
  73  9:35  Hydralisk  
  73  9:36  Hydralisk x6  
  87  9:44  Spore Crawler  
  77  9:45  Spore Crawler  
  77  9:48  Spore Crawler  
  77  9:52  Grooved Spines  
  73  9:58  Hydralisk x3  
  65  10:23  Overlord x4  
  65  10:32  Overlord x4  
  65  10:44  Evolution Chamber  
  65  10:46  Evolution Chamber  
  63  10:56  Hydralisk  
  63  10:57  Hydralisk x4  
  63  10:58  Hydralisk  
  75  11:05  Drone x3  
  75  11:07  Drone  
  75  11:11  Zerg Missile Weapons Level 1  
  79  11:17  Zerg Ground Armor Level 1  
  79  11:24  Hydralisk x2  
  83  11:27  Hydralisk  
  83  11:30  Drone  
  83  11:32  Drone  
  87  11:38  Overseer  
  87  11:41  Hydralisk  
  87  11:42  Hydralisk  
  89  12:01  Hydralisk x6  
  87  12:04  Drone x2  
  101  12:10  Drone x4  
  101  12:13  Drone x2  
  101  12:15  Drone  
  108  12:20  Drone x2  
  108  12:21  Drone  
  111  12:25  Drone x3  
  114  12:35  Infestation Pit  
  113  12:44  Hydralisk x6  
  125  12:52  Queen  
  127  13:11  Hatchery  
  126  13:12  Hive  
  126  13:14  Zerg Missile Weapons Level 2  
  126  13:15  Zerg Ground Armor Level 2  
  126  13:19  Overlord x4  
  126  13:20  Overlord  
  126  13:26  Drone x2  
  128  13:29  Overseer  
  128  13:37  Queen  
  128  13:39  Drone x3  
  128  13:40  Drone x6  
  139  14:07  Hydralisk x7  
  153  14:26  Viper  
  153  14:27  Viper x6  
  174  14:31  Overlord x2  
  174  14:32  Overlord x3  
  174  14:34  Pneumatized Carapace  
  171  15:04  Hydralisk x12  
  171  15:05  Hydralisk x2  
  154  16:08  Drone  
  154  16:09  Drone x5  
  154  16:10  Viper x2  
  154  16:11  Viper x4  
  160  17:12  Hydralisk  
  160  17:13  Hydralisk x13  
  160  17:14  Hydralisk  
  123  17:46  Hydralisk x5  
  119  17:55  Drone x6  
  103  18:23  Hydralisk  
  103  18:24  Hydralisk x6  
  117  18:52  Hatchery  
  117  18:55  Hydralisk  
  116  18:56  Hydralisk x5  
  116  19:00  Hatchery  
  116  19:01  Hatchery  
  126  19:13  Hydralisk  
  126  19:14  Hydralisk x2  
  126  19:15  Zergling x2  
  126  19:16  Zergling x4  
  137  19:36  Hydralisk  
  137  19:37  Hydralisk x4  
  145  19:47  Extractor  
  145  19:49  Hydralisk  
  145  19:50  Hydralisk x2  
  150  20:23  Hydralisk x2  
  150  20:24  Hydralisk x5  
Show
View Real Time Build Order
Export as new Build Order

TheBlackDog Protoss 

Build Orders:  

Get SALT Encoding   

  12  0:01  Probe (Chrono Boost)  
  13  0:11  Probe (Chrono Boost)  
  14  0:15  Probe (Chrono Boost)  
  15  0:23  Pylon  
  15  0:31  Assimilator  
  15  0:41  Gateway  
  15  0:50  Probe  
  16  1:02  Probe (Chrono Boost)  
  17  1:13  Probe (Chrono Boost)  
  17  1:18  Probe (Chrono Boost)  
  19  1:35  Zealot, Forge  
  21  1:58  Gateway  
  21  2:10  Photon Cannon  
  14  3:15  Pylon  
  14  3:18  Photon Cannon  
  14  3:20  Pylon  
  14  3:22  Zealot (Chrono Boost)  
  16  3:31  Pylon  
  16  3:41  Photon Cannon  
  16  3:50  Probe (Chrono Boost)  
  17  4:02  Probe (Chrono Boost)  
  18  4:03  Cybernetics Core  
  18  4:07  Probe (Chrono Boost)  
  19  4:14  Zealot  
  21  4:27  Assimilator  
  21  4:31  Gateway  
  21  4:52  Nexus  
  21  4:57  Probe  
  22  5:00  Warp Gate (Chrono Boost)  
  22  5:07  Stalker  
  24  5:10  Probe  
  25  5:31  Shield Battery  
  25  5:33  Zealot (Chrono Boost)  
  25  5:35  Shield Battery  
  29  5:51  Stalker (Chrono Boost)  
  29  5:56  Stalker (Chrono Boost)  
  27  6:19  Pylon  
  27  6:38  Probe (Chrono Boost)  
  28  6:40  Shield Battery  
  28  6:43  Probe (Chrono Boost), Shield Battery  
  29  6:53  Probe x2 (Chrono Boost)  
  31  6:55  Twilight Council  
  31  6:58  Probe (Chrono Boost)  
  31  7:00  Probe  
  33  7:07  Stalker  
  35  7:12  Probe, Stalker  
  35  7:15  Probe  
  39  7:24  Probe  
  40  7:32  Forge  
  38  7:51  Stalker x3  
  38  7:56  Gateway  
  38  7:58  Blink (Chrono Boost)  
  36  8:17  Stalker  
  36  8:18  Stalker  
  29  8:43  Stalker  
  31  9:01  Stalker  
  25  9:14  Probe, Pylon  
  25  9:15  Probe  
  27  9:23  Pylon  
  27  9:26  Probe  
  27  9:27  Probe  
  29  9:37  Photon Cannon  
  29  9:45  Photon Cannon  
  29  9:49  Shield Battery  
  29  9:56  Stalker  
  31  10:07  Stalker x2  
  35  10:15  Pylon  
  35  10:29  Probe (Chrono Boost)  
  35  10:32  Probe (Chrono Boost), Pylon  
  37  10:41  Probe (Chrono Boost)  
  39  10:46  Probe (Chrono Boost)  
  39  10:47  Probe (Chrono Boost)  
  40  10:55  Probe x2 (Chrono Boost)  
  42  10:57  Stargate  
  42  11:01  Stargate  
  42  11:08  Probe (Chrono Boost)  
  42  11:11  Probe (Chrono Boost)  
  44  11:13  Probe (Chrono Boost)  
  44  11:18  Probe (Chrono Boost)  
  47  11:28  Probe x2 (Chrono Boost)  
  48  11:33  Probe (Chrono Boost), Photon Cannon  
  48  11:34  Probe  
  48  11:37  Photon Cannon  
  48  11:39  Assimilator  
  50  11:41  Assimilator  
  50  11:44  Probe  
  50  11:46  Probe, Phoenix (Chrono Boost)  
  54  11:49  Phoenix (Chrono Boost)  
  56  11:58  Probe  
  57  12:08  Shield Battery  
  57  12:11  Shield Battery  
  57  12:27  Nexus  
  57  12:33  Probe  
  57  12:34  Probe  
  59  12:42  Phoenix  
  59  12:43  Phoenix  
  63  12:45  Probe  
  63  12:46  Probe  
  65  12:51  Fleet Beacon  
  65  12:55  Stargate  
  65  13:04  Assimilator  
  65  13:08  Assimilator  
  65  13:13  Pylon  
  65  13:16  Phoenix, Pylon  
  67  13:31  Probe (Chrono Boost)  
  69  13:35  Probe (Chrono Boost)  
  69  13:39  Tempest (Chrono Boost)  
  69  13:44  Nexus  
  69  13:45  Probe (Chrono Boost)  
  75  13:49  Probe  
  75  13:50  Shield Battery  
  75  13:52  Shield Battery  
  76  14:00  Probe (Chrono Boost)  
  76  14:01  Probe x2 (Chrono Boost)  
  79  14:09  Cybernetics Core  
  80  14:12  Probe (Chrono Boost)  
  80  14:13  Probe (Chrono Boost)  
  80  14:14  Probe (Chrono Boost)  
  82  14:22  Probe, Protoss Air Weapons Level 1  
  80  14:30  Photon Cannon  
  80  14:32  Photon Cannon  
  80  14:35  Photon Cannon  
  80  14:40  Photon Cannon  
  70  14:57  Robotics Facility  
  70  15:11  Oracle (Chrono Boost)  
  70  15:12  Pylon  
  73  15:15  Pylon  
  73  15:25  Photon Cannon  
  73  15:37  Pylon  
  63  16:02  Probe x4  
  63  16:03  Carrier x3 (Chrono Boost)  
  85  16:14  Probe x4  
  85  16:17  Photon Cannon  
  89  16:21  Stalker  
  89  16:22  Stalker  
  88  16:26  Probe x3  
  88  16:27  Probe  
  88  16:31  Stalker  
  88  16:32  Stalker  
  83  16:38  Probe x2  
  83  16:39  Probe x2  
  79  16:50  Probe x2  
  89  17:02  Carrier (Chrono Boost)  
  95  17:11  Stalker x3  
  95  17:12  Stalker  
  82  17:37  Stalker x2  
  82  17:38  Stalker x2  
  61  18:44  Nexus  
  61  18:46  Pylon  
  61  18:49  Pylon x2  
  61  18:51  Pylon  
  61  18:52  Pylon  
  61  18:54  Pylon  
  61  19:02  Nexus  
  61  19:03  Pylon  
  61  19:05  Pylon  
  61  19:19  Pylon  
  61  19:21  Pylon  
  61  19:24  Pylon  
  61  19:26  Cybernetics Core  
  61  19:27  Pylon  
  61  19:31  Pylon  
  61  19:32  Assimilator  
  61  19:33  Pylon  
  61  19:37  Assimilator  
  61  19:42  Shield Battery  
  61  19:44  Shield Battery  
  61  19:46  Shield Battery  
  61  19:48  Photon Cannon, Shield Battery  
  61  19:50  Photon Cannon  
  61  19:52  Shield Battery  
  61  19:57  Photon Cannon  
  61  20:26  Carrier  
  67  20:47  Stargate  
  67  20:49  Stargate  
Tags
 
Add a new tag
Caveats
  • Supply blocks, unpowered buildings, or Contaminate may cause inaccurate times.
  • Supply counts are checked every 10 seconds.